 Dungeon Crawl Stone Soup version 0.32-a0-933-ga8fa363 (webtiles) character file.

Game seed: 9861636837726575497

18282 waagh the Grappler (level 12, 0/129 HPs)
             Began as a Troll Chaos Knight on Apr 14, 2024.
             Was a Plaything of Xom.
             Slain by a cyan ugly thing (17 damage)
             ... on level 14 of the Dungeon.
             The game lasted 00:15:31 (7895 turns).

waagh the Grappler (Troll Chaos Knight)             Turns: 7895, Time: 00:15:32

Health: 0/129      AC:  7    Str: 28    XL:     12   Next: 26%
Magic:  11/11      EV:  9    Int: 12    God:    Xom [..*...]
Gold:   788        SH:  0    Dex: 12    Spells: 11/11 levels left

rFire   + .          .
                       - Unarmed
rCold   + . .        (no shield)
rNeg    . . .        c - +2 gold dragon scales
rPois   +            (helmet currently unavailable)
rElec   .            e - melded +0 cloak
rCorr   .            (gloves unavailable)
SInv    .            (boots unavailable)
Will    .....        f - amulet of magic regeneration Stlth
                     q - +5 ring of evasion
HPRegen 1.21/turn    m - +6 ring of strength
MPRegen 0.52/turn

%: no passive effects
@: beast-form, corroded
A: beast (slay +4), large, unfitting armour, claws 3, regeneration 1, shaggy fur
1, tough skin 1, hooves 2, thin skeletal structure 1, clever 1, deterioration 1,
robust 1, weak 1, noise suppression
a: Begin Untransformation, Renounce Religion


You were on level 14 of the Dungeon.
You worshipped Xom.
You were a toy of Xom.
You were a hulking beast.
You visited 2 branches of the dungeon, and saw 15 of its levels.
You also visited: Sewer.

You collected 818 gold pieces.
You spent 30 gold pieces at shops.

Inventory:

Armour
 c - +2 gold dragon scales (worn)
 e - a +0 cloak (melded)
Jewellery
 f - an amulet of magic regeneration (around neck)
 k - a ring of resist corrosion
 m - a +6 ring of strength (right claw)
 q - a +5 ring of evasion (left claw)
Talismans
 n - a beast talisman (active)
 p - a maw talisman
Wands
 d - a wand of warping (8)
 w - a wand of charming (10)
 D - a wand of polymorph (4)
 E - a wand of flame (12)
Scrolls
 b - a scroll of butterflies
 j - 7 scrolls of teleportation
 r - 2 scrolls of enchant armour
 v - a scroll of vulnerability
 x - 3 scrolls of revelation
 y - 3 scrolls of immolation
 A - 2 scrolls of noise
 B - 2 scrolls of blinking
 C - 4 scrolls of identify
 F - a scroll of fear
 H - a scroll of poison
Potions
 a - 2 potions of heal wounds
 g - a potion of berserk rage
 h - 8 potions of curing
 i - a potion of cancellation
 l - 2 potions of invisibility
 o - 2 potions of haste
 s - 4 potions of mutation
 t - 2 potions of brilliance
 u - 2 potions of magic
 z - a potion of might
 G - a potion of ambrosia {unknown}


   Skills:
 + Level 7.3 Fighting
 + Level 6.6 Armour
 + Level 6.9 Dodging
 * Level 11.6 Unarmed Combat
 * Level 9.2 Shapeshifting


You had 11 spell levels left.
You didn't know any spells.
Your spell library contained the following spells:

 Spells                   Type           Power      Damage    Failure   Level
 Apportation              Tloc           0%         N/A       100%        1
 Slow                     Hex            0%         N/A       100%        1
 Cigotuvi's Dreadful Rot  Necr/Alch/Air  0%         N/A       100%        2
 Jinxbite                 Hex            0%         N/A       100%        2
 Call Canine Familiar     Summ           0%         N/A       100%        3
 Confusing Touch          Hex            0%         N/A       100%        3
 Stone Arrow              Conj/Erth      0%         3d7       100%        3
 Vampiric Draining        Necr           0%         2d6       100%        3
 Animate Armour           Summ/Erth      0%         N/A       100%        4
 Summon Lightning Spire   Summ/Air       0%         N/A       100%        4
 Alistair's Intoxication  Alch           0%         N/A       100%        5
 Lee's Rapid Deconstruct  Erth           0%         3d4*      100%        5
 Summon Forest            Summ/Tloc      0%         N/A       100%        5
 Eringya's Noxious Bog    Alch           0%         4d6       100%        6
 Summon Cactus Giant      Summ           0%         N/A       100%        6
 Summon Hydra             Summ           0%         N/A       100%        7
 Lehudib's Crystal Spear  Conj/Erth      0%         10d2      100%        8


Dungeon Overview and Level Annotations

Branches:
Dungeon (14/15)            Temple (1/1) D:6            Lair (0/5) D:8
    Orc (0/2) D:12          Sewer (visited)
 Vaults: D:13-14

Altars:
Ashenzari
Cheibriados
Dithmenos
Elyvilon
Fedhas
Gozag
Hepliaklqana
Kikubaaqudgha
Makhleb
Nemelex Xobeh
Okawaru
Qazlal
Ru
Sif Muna
Trog
Uskayaw
Vehumet
Wu Jian
Xom
Yredelemnul
Zin
The Shining One

Shops:
D:2 *   D:5 *   D:9 =


Innate Abilities, Weirdness & Mutations

You are a hulking beast.
Your limbs bulge with bestial killing power. (Slay +4)
You are too large for most types of armour.
You have claws for hands.
Your natural rate of healing is unusually fast.
You are covered in fur. (AC +1)
You have tough skin. (AC +1)
You have hoof-like feet.
You have a somewhat thin skeletal structure. (Dex +2, Stealth+)
Your mind is acute. (Int +4, Str/Dex -1)
Your body sometimes deteriorates upon taking damage.
You are robust. (+10% HP)
You are weak. (Str -2)
You passively dampen the noise of your surroundings.


Message History

You kick the cyan ugly thing, but do no damage.
Your claw misses the cyan ugly thing.
The cyan ugly thing is severely wounded.
You mangle the cyan ugly thing!!
You kill the cyan ugly thing!
You claw the cyan ugly thing! Your kick misses the cyan ugly thing.
The cyan ugly thing is lightly wounded.
The cyan ugly thing looks more healthy.
The cyan ugly thing tentacle-slaps you but does no damage.
You scratch the cyan ugly thing but do no damage.
The cyan ugly thing is lightly wounded.
You claw the cyan ugly thing!
You kick the cyan ugly thing, but do no damage.
The cyan ugly thing is lightly wounded.
The cyan ugly thing tentacle-slaps you!
* * * LOW HITPOINT WARNING * * *
The cyan ugly thing shocks you!
* * * LOW HITPOINT WARNING * * *
The cyan ugly thing basks in the mutagenic energy from its kin and changes!
You feel much better. "Go forth and destroy!"
You feel better.
The cyan ugly thing tentacle-slaps you but does no damage.
You mangle the cyan ugly thing!! You kick the cyan ugly thing!
The cyan ugly thing is severely wounded.
The cyan ugly thing tentacle-slaps you!
* * * LOW HITPOINT WARNING * * *
The cyan ugly thing shocks you!
* * * LOW HITPOINT WARNING * * *
You claw the cyan ugly thing! You kick the cyan ugly thing.
You claw the cyan ugly thing.
The cyan ugly thing is almost dead.
The cyan ugly thing tentacle-slaps you but does no damage.
You barely miss the cyan ugly thing. Your kick misses the cyan ugly thing.
The cyan ugly thing is almost dead.
The cyan ugly thing tentacle-slaps you!
* * * LOW HITPOINT WARNING * * *
The cyan ugly thing shocks you!
You die...
Xom bursts into laughter!

#### .........# .......#
#.....# #.†...# #.u...#
+.....# #.....# .
#....<######....
######.....uuh.......
####...........########.
...............#
'###...........#
...#..######...# ####..#
#.[.# #.....# #...#
#.....# #..... #.....#
...


You could see 2 ugly things.

Vanquished Creatures
  Snorg (D:13)
  2 centaur warriors
  2 two-headed ogres (D:9)
  A boulder beetle (D:11)
  Urug (D:13)
  The ghost of Jonathan123 the Slasher, a novice CoGl of Okawaru (D:6)
  The ghost of kasel the Changeling, a novice DrSh (D:6)
  Pikel (D:7)
  7 ugly things
  A manticore (D:13)
  A cyclops (D:13)
  A gargoyle (D:12)
  A guardian serpent (shapeshifter) (D:13)
  A cane toad (shapeshifter) (D:14)
  An efreet (D:13)
  2 trolls
  4 slime creatures
  5 wraiths
  10 yaks
  A wyvern (D:10)
  2 vampire mosquitoes (D:14)
  A water moccasin (D:7)
  Duvessa (D:4)
  3 sky beasts
  A black bear (D:6)
  2 ice beasts (D:6)
  4 orc warriors
  3 centaurs
  2 lemures (D:7)
  A phantom (D:5)
  A kobold brigand (D:8)
  3 scorpions
  5 bullfrogs
  3 wights (D:8)
  Dowan (D:4)
  11 killer bees
  3 howler monkeys
  4 crimson imps (D:9)
  4 jellies
  2 bombardier beetles
  A gnoll bouda (D:8)
  12 orc priests
  6 hounds
  2 iguanas
  7 orc wizards
  Robin (D:2)
  7 gnolls
  6 adders
  5 river rats (Sewer)
  A white imp (D:8)
  2 dart slugs
  A ribbon worm (D:2)
  41 orcs
  13 ball pythons
  11 bats
  10 endoplasms
  6 giant cockroaches
  21 goblins
  11 hobgoblins
  2 quokkas
  6 frilled lizards
  10 kobolds
  8 rats
292 creatures vanquished.

Vanquished Creatures (collateral kills)
  Sigmund (D:4)
  A slime creature (D:11)
2 creatures vanquished.

Vanquished Creatures (others)
  An orc (D:12)
1 creature vanquished.

Grand Total: 295 creatures vanquished

Notes
Turn   | Place    | Note
-------+----------+-------------------------------------------
     0 | D:1      | waagh the Troll Chaos Knight began the quest for the Orb.
     0 | D:1      | Reached XP level 1. HP: 22/22 MP: 0/0
   148 | D:1      | Reached XP level 2. HP: 29/29 MP: 1/1
   280 | D:1      | Found a faded altar of an unknown god.
   375 | D:1      | XOM: 4-stop teleportation journey
   808 | D:2      | Noticed Robin
   815 | D:2      | Reached XP level 3. HP: 34/36 MP: 2/2
   822 | D:2      | XOM: silly message
   850 | D:2      | Killed Robin
   948 | D:2      | Found Zeikaim's General Store.
   956 | D:2      | Bought a scroll of teleportation for 30 gold pieces
  1030 | D:2      | Reached XP level 4. HP: 44/44 MP: 3/3
  1072 | D:2      | XOM: noise
  1303 | D:2      | XOM is BORED!
  1659 | D:2      | Reached skill level 1 in Armour
  1740 | D:2      | XOM: give mutations
  1740 | D:2      | Gained mutation: You have sharp toenails. [Xom's mischief]
  1740 | D:2      | Gained mutation: You have hidden genetic potential. [Xom's
                  | mischief]
  1740 | D:2      | Lost mutation: You have sharp toenails. [Xom's mischief]
  1740 | D:2      | Gained mutation: You have large cloven feet. [Xom's
                  | mischief]
  1740 | D:2      | Gained mutation: You are resistant to electric shocks.
                  | (rElec) [Xom's mischief]
  1770 | D:3      | Reached skill level 4 in Unarmed Combat
  1845 | D:3      | XOM: noise
  2041 | D:3      | Found an iron altar of Okawaru.
  2041 | D:3      | XOM: swap monsters
  2112 | D:3      | XOM: 2-stop teleportation journey
  2210 | D:3      | XOM: 1-stop teleportation journey
  2488 | D:4      | Noticed a scorpion
  2492 | D:4      | XOM: 1-stop teleportation journey
  2495 | D:4      | Noticed Dowan
  2495 | D:4      | Noticed Duvessa
  2500 | D:4      | Noticed Sigmund
  2500 | D:4      | XOM: 5-stop teleportation journey
  2545 | D:4      | Reached XP level 5. HP: 48/53 MP: 4/4
  2551 | D:4      | Gained mutation: You are partially covered in iridescent
                  | scales. (AC +2) [hidden potential]
  2650 | D:4      | Identified the +5 short sword "Beho" {heavy, +Blink rPois
                  | Dex+2}
  2665 | D:4      | Found a sacrificial altar of Ru.
  2748 | D:4      | Killed Sigmund
  2749 | D:4      | Reached skill level 5 in Unarmed Combat
  2749 | D:4      | Reached XP level 6. HP: 61/61 MP: 5/5
  2764 | D:4      | Gained mutation: Your mind is acute. (Int +4, Str/Dex -1)
                  | [hidden potential]
  2764 | D:4      | Lost mutation: You have hidden genetic potential. [hidden
                  | potential expressed]
  2829 | D:4      | Killed Duvessa
  2830 | D:4      | Reached XP level 7. HP: 67/67 MP: 6/6
  2847 | D:4      | Killed Dowan
  2940 | D:5      | Entered Level 5 of the Dungeon
  2955 | D:5      | Found Ufotz's Elemental Accessories.
  2955 | D:5      | XOM is BORED!
  2955 | D:5      | XOM: give mutations
  2955 | D:5      | Gained mutation: You have hoof-like feet. [Xom's mischief]
  2955 | D:5      | Lost mutation: You are resistant to electric shocks.
                  | (rElec) [Xom's mischief]
  2955 | D:5      | Gained mutation: You are strong-willed. (Will+) [Xom's
                  | mischief]
  3060 | D:5      | Reached skill level 6 in Unarmed Combat
  3293 | D:5      | Found a glowing drain.
  3304 | Sewer    | Entered a sewer
  3335 | Sewer    | XOM: noise
  3371 | Sewer    | Reached skill level 1 in Shapeshifting
  3421 | Sewer    | Found a viscous altar of Jiyva.
  3436 | Sewer    | Lost mutation: You have hoof-like feet. [potion of
                  | mutation]
  3436 | Sewer    | Lost mutation: You are partially covered in iridescent
                  | scales. (AC +2) [potion of mutation]
  3436 | Sewer    | Lost mutation: You are strong-willed. (Will+) [potion of
                  | mutation]
  3436 | Sewer    | Gained mutation: You are robust. (+10% HP) [potion of
                  | mutation]
  3436 | Sewer    | Gained mutation: You are weak. (Str -2) [potion of
                  | mutation]
  3436 | Sewer    | Gained mutation: You passively dampen the noise of your
                  | surroundings. [potion of mutation]
  3789 | D:6      | XOM: give mutation
  3789 | D:6      | Gained mutation: You have hoof-like feet. [Xom's grace]
  3795 | D:6      | XOM: potion effect (invisibility)
  3800 | D:6      | Reached XP level 8. HP: 84/85 MP: 7/7
  3872 | D:6      | Reached skill level 7 in Unarmed Combat
  3966 | D:6      | Found a runed translucent gate.
  3966 | D:6      | Found a runed translucent gate.
  3966 | D:6      | Found a runed translucent gate.
  3970 | D:6      | Noticed Jonathan123's ghost (novice CoGl)
  3970 | D:6      | Noticed kasel's ghost (novice DrSh)
  4081 | D:6      | XOM: silly message
  4111 | D:6      | Found a burning altar of Makhleb.
  4179 | D:6      | Found a staircase to the Ecumenical Temple.
  4205 | Temple   | Entered the Ecumenical Temple
  4272 | D:6      | Found a sparkling altar of Nemelex Xobeh.
  4272 | D:6      | Found a transporter.
  4273 | D:6      | Noticed a gargoyle
  4288 | D:6      | Identified the +2 chain mail of a Hundred Leylines {+Blink}
  4360 | D:6      | Found a glowing silver altar of Zin.
  4383 | D:6      | XOM: potion effect (curing)
  4392 | D:6      | Killed Jonathan123's ghost
  4392 | D:6      | XOM: potion effect (might)
  4393 | D:6      | Reached XP level 9. HP: 80/95 MP: 8/8
  4394 | D:6      | XOM: silly message
  4401 | D:6      | Killed kasel's ghost
  4402 | D:6      | Reached skill level 5 in Fighting
  4402 | D:6      | Reached skill level 8 in Unarmed Combat
  4458 | D:7      | Noticed Pikel
  4472 | D:7      | Killed Pikel
  4473 | D:7      | Reached skill level 5 in Shapeshifting
  4510 | D:7      | Found a hazy altar of Hepliaklqana.
  4623 | D:7      | Reached skill level 5 in Dodging
  4705 | D:7      | XOM: divination: detect items
  4791 | D:7      | Reached XP level 10. HP: 105/105 MP: 9/9
  4809 | D:7      | XOM: silly message
  4814 | D:7      | Found a shadowy altar of Dithmenos.
  4881 | D:8      | XOM: noise
  5026 | D:8      | Found an ancient bone altar of Kikubaaqudgha.
  5026 | D:8      | Found a stormy altar of Qazlal.
  5062 | D:8      | Found a staircase to the Lair.
  5156 | D:8      | Found a blossoming altar of Fedhas.
  5172 | D:8      | Found a hide-covered altar of Uskayaw.
  5199 | D:8      | Reached skill level 9 in Unarmed Combat
  5241 | D:8      | Found a white marble altar of Elyvilon.
  5352 | D:8      | Got Uqiyta's Spellbook of Friendly Turbulence
  5595 | D:9      | Noticed a two-headed ogre
  5596 | D:9      | XOM: potion effect (brilliance)
  5599 | D:9      | Killed a two-headed ogre
  5600 | D:9      | Reached skill level 5 in Armour
  5666 | D:9      | Found a shimmering altar of Xom.
  5737 | D:9      | XOM: silly message
  5813 | D:9      | XOM: 1-stop teleportation journey
  5836 | D:9      | XOM: polymorph yak -> slime creature
  5841 | D:9      | XOM: silly message
  6024 | D:9      | Found Xouw's Jewellery Boutique.
  6056 | D:9      | Noticed a two-headed ogre
  6059 | D:9      | XOM: summons 2 friendly demons
  6065 | D:9      | Killed a two-headed ogre
  6224 | D:10     | Entered Level 10 of the Dungeon
  6322 | D:10     | XOM: scenery: summon butterflies
  6396 | D:10     | Found a radiant altar of Vehumet.
  6403 | D:10     | XOM: give mutations
  6403 | D:10     | Gained mutation: Your body sometimes deteriorates upon
                  | taking damage. [Xom's mischief]
  6403 | D:10     | Gained mutation: You have a somewhat thin skeletal
                  | structure. (Dex +2, Stealth+) [Xom's mischief]
  6474 | D:10     | XOM: 1-stop teleportation journey
  6480 | D:10     | Reached skill level 10 in Unarmed Combat
  6506 | D:10     | Reached XP level 11. HP: 115/115 MP: 10/10
  6552 | D:10     | XOM: cloud trail
  6642 | D:10     | XOM: 4-stop teleportation journey
  6882 | D:11     | XOM: scenery: 1 doors close
  7136 | D:12     | Noticed a boulder beetle
  7136 | D:12     | Noticed a centaur warrior
  7142 | D:11     | XOM: summons 8 friendly demons
  7143 | D:11     | XOM: divination: detect creatures
  7145 | D:11     | XOM: summons 4 friendly demons
  7158 | D:11     | Killed a boulder beetle
  7206 | D:12     | XOM: destruction
  7206 | D:12     | XOM: smoke on damage
  7208 | D:12     | XOM: scenery: create altars
  7221 | D:12     | Killed a centaur warrior
  7325 | D:12     | XOM: silly message
  7340 | D:12     | Found a staircase to the Orcish Mines.
  7361 | D:12     | XOM: smoke on damage
  7390 | D:12     | XOM: potion effect (brilliance)
  7391 | D:12     | XOM: potion effect (haste)
  7438 | D:12     | XOM is BORED!
  7438 | D:12     | XOM: silly message
  7472 | D:13     | Noticed Urug
  7474 | D:13     | XOM: divination: detect items
  7481 | D:13     | Killed Urug
  7546 | D:13     | XOM: divination: detect items
  7549 | D:13     | XOM: potion effect (curing)
  7554 | D:13     | Reached skill level 11 in Unarmed Combat
  7583 | D:13     | Noticed a green ugly thing
  7585 | D:13     | XOM: cast spell 'Summon Ice Beast'
  7587 | D:13     | Killed a green ugly thing
  7593 | D:13     | Noticed a centaur warrior
  7602 | D:13     | Killed a centaur warrior
  7623 | D:13     | Noticed a harpy
  7652 | D:13     | Noticed Snorg
  7655 | D:13     | a harpy changed into a guardian serpent
  7656 | D:13     | XOM: noise
  7666 | D:13     | Killed Snorg
  7669 | D:13     | Reached XP level 12. HP: 129/129 MP: 11/11
  7732 | D:14     | XOM: summons 2 friendly demons
  7865 | D:14     | XOM: potion effect (invisibility)
  7867 | D:14     | XOM: cast spell 'Olgreb's Toxic Radiance'
  7876 | D:13     | Noticed a four-headed hydra
  7891 | D:14     | HP: 6/129 [cyan ugly thing (17)]
  7892 | D:14     | XOM: potion effect (curing)
  7895 | D:14     | Slain by a cyan ugly thing

Illustrated notes

Levels and vault maps discovered:
D:1:      dpeg_arrival_rhombi, layout_basic, ebering_ecumenical_altar_petrified,
          minmay_tree_intersection
D:2:      minmay_angry_zag, layout_loops_corners, serial_shops,
          nicolae_shop_rolling_square, uniq_robin
D:3:      layout_loops_corners, okawaru_gym_becter
D:4:      layout_loops_ring, lemuel_coloured_pillars_altar, uniq_duvessa,
          uniq_sigmund
D:5:      layout_basic, portal_sewer_entry_d, nicolae_elemental_shop
D:6:      hellmonk_ruined_rings, layout_rooms, zin_statuary,
          makhleb_blood_cavern_becter, grunt_nemelex_the_gamble,
          minmay_temple_entry_offerings, gammafunk_ghost_cemetery
D:7:      layout_basic, pf_just_have_faith, nicolae_dithmenos_shadow_blocks,
          hangedman_decor_opposing, kennysheep_small_circle, uniq_pikel,
          uniq_crazy_yiuf_cottage
D:8:      layout_basic, mainiacjoe_overflow_brackets,
          grunt_temple_overflow_open, mainiacjoe_overflow_big_doors,
          lair_entry_dummy, kennysheep_opposing_triangles
D:9:      layout_stronghold, led_xom_imps, serial_shops, shop
D:10:     layout_small_grid, nicolae_vehumet_altar_sigil, minivault_27,
          minmay_misc_feat_ornament, minmay_shop_chei
D:11:     layout_stronghold
D:12:     layout_cave_pods, hiddenorc2_lemuel, uniq_frances
D:13:     layout_rooms, uniq_urug, uniq_snorg
D:14:     layout_irregular_city, david_vaults_4, hangedman_decor_slide_cut
Temple:   hellmonk_temple_two_chambers

Skill      XL: |  1  2  3  4  5  6  7  8  9 10 11 12 |
---------------+-------------------------------------+-----
Dodging        | 2 3 4 5 6 |  6.9
Armour         | 1 2 3 4 5 6 |  6.6
Unarmed Combat | 4 5 6 7 8 10 11 | 11.6
Fighting       | 3 4 5 6 7 |  7.3
Shapeshifting  | 2 4 5 7 8 9 |  9.2

Action                     |  1- 3 |  4- 6 |  7- 9 | 10-12 || total
---------------------------+-------+-------+-------+-------++-------
  Melee: Unarmed           |   128 |    76 |   194 |   341 ||   739
         Punch             |     1 |     2 |     4 |    23 ||    30
         Kick              |       |     8 |    44 |   103 ||   155
    Use: Scroll            |     4 |     6 |     8 |     3 ||    21
         Potion            |       |       |     5 |     7 ||    12
   Stab: Invisible         |       |       |     2 |       ||     2
 Armour: Robe              |    19 |       |       |       ||    19
         Gold dragon scale |   113 |    73 |   141 |   323 ||   650
  Dodge: Dodged            |    29 |     5 |    58 |   145 ||   237
   Form: Beast             |       |       |     1 |       ||     1

Table legend: (Time is in decaauts)
 A = Elapsed time spent in this place.
 B = Non-inter-level travel time spent in this place.
 C = Inter-level travel time spent in this place.
 D = Time resting spent in this place.
 E = Time spent auto-exploring this place.
 F = Levels seen in this place.
 G = Mean time per level.
                   A        B        C        D        E       F      G
               +--------+--------+--------+--------+--------+-----+--------+
         Total |   7764 |   7487 |    277 |    255 |   5549 |  16 |  485.2 |
       Dungeon |   7554 |   7277 |    277 |    255 |   5462 |  14 |  539.6 |
        Temple |      1 |      1 |      0 |      0 |      0 |   1 |    1.0 |
         Sewer |    207 |    207 |      0 |      0 |     86 |   1 |  207.0 |
               +--------+--------+--------+--------+--------+-----+--------+

Top non-repeatable levels by time:
     D:2: 939 daAuts
     D:1: 798 daAuts
     D:3: 729 daAuts
     D:9: 717 daAuts
     D:6: 647 daAuts
     D:5: 612 daAuts
     D:8: 610 daAuts
    D:11: 513 daAuts
     D:4: 455 daAuts
    D:10: 454 daAuts
     D:7: 424 daAuts
    D:12: 238 daAuts
    D:13: 236 daAuts
   Sewer: 207 daAuts
    D:14: 177 daAuts
